TOP OF THE 1ST |
Idaho Falls Chukars batting - Pitching for Athletic Club KC U-24 : RHP Iván Contreras
|
Pitching: RHP Iván Contreras
|
|
Batting: LHB Josh Wiggins
|
0-0: Ball 1-0: Ball 2-0: Foul Ball, location: 2F 2-1: Swinging Strike 2-2: Foul Ball, location: 2F 2-2: Ball 3-2: Fly out, F8 (Flyball, 8LS, EV 90.6 MPH)
|
Batting: RHB César Vélez
|
0-0: Ball 1-0: Called Strike 1-1: Swinging Strike 1-2: Foul Ball, location: 2F 1-2: Foul Ball, location: 2F 1-2: DOUBLE (Groundball, 3L, EV 101.9 MPH)
|
Pitching: RHP Darko Trstenjak
|
|
Batting: SHB Koryusai Ohayashi
|
0-0: Ball 1-0: Ball 2-0: Called Strike 2-1: Fly out, F7 (Flyball, 7, EV 88.8 MPH)
|
Batting: RHB Vinnie Nuyten
|
0-0: Called Strike 0-1: Foul Ball, location: 2F 0-2: Foul Ball, location: 2F 0-2: Foul Ball, location: 2F 0-2: Strikes out swinging
|
Top of the 1st over - 0 runs, 1 hit, 0 errors, 1 left on base; Idaho Falls 0 - Athletic Club KC 0 |
BOTTOM OF THE 1ST |
Athletic Club KC U-24 batting - Pitching for Idaho Falls Chukars : RHP Nicolaas Eland
|
Pitching: RHP Nicolaas Eland
|
|
Batting: LHB César Valtez
|
0-0: Ground out 6-3 (Groundball, 6, EV 86.9 MPH)
|
Batting: LHB Juan Romero
|
0-0: Foul Ball, location: 2F 0-1: Called Strike 0-2: Ball 1-2: Foul Ball, location: 2F 1-2: Ball 2-2: Foul Ball, location: 2F 2-2: Foul Ball, location: 2F 2-2: Strikes out swinging
|
Batting: RHB Marcos Quintana
|
0-0: Called Strike 0-1: Foul Ball, location: 2F 0-2: Ball 1-2: Strikes out swinging
|
Bottom of the 1st over - 0 runs, 0 hits, 0 errors, 0 left on base; Idaho Falls 0 - Athletic Club KC 0 |
TOP OF THE 2ND |
Idaho Falls Chukars batting - Pitching for Athletic Club KC U-24 : RHP Darko Trstenjak
|
Batting: LHB Elisheba Petershwim
|
0-0: Ball 1-0: Ball 2-0: Called Strike 2-1: Ball 3-1: Swinging Strike 3-2: Foul Ball, location: 2F 3-2: Strikes out swinging
|
Batting: RHB Kel Warren
|
0-0: Ball 1-0: Foul Ball, location: 2F 1-1: Ball 2-1: Foul Ball, location: 2F 2-2: Ball 3-2: Foul Ball, location: 2F 3-2: Foul Ball, location: 2F 3-2: SINGLE (Groundball, 5D, EV 105.6 MPH)
|
Batting: LHB Doyle Berkey
|
0-0: Ball 1-0: Ball 2-0: Called Strike 2-1: Swinging Strike 2-2: Foul Ball, location: 2F 2-2: Foul Ball, location: 2F 2-2: Strikes out looking
|
Batting: RHB Jon Walker
|
0-0: Ball 1-0: Called Strike 1-1: Swinging Strike 1-2: Strikes out looking
|
Top of the 2nd over - 0 runs, 1 hit, 0 errors, 1 left on base; Idaho Falls 0 - Athletic Club KC 0 |
BOTTOM OF THE 2ND |
Athletic Club KC U-24 batting - Pitching for Idaho Falls Chukars : RHP Nicolaas Eland
|
Batting: RHB Jorgen Jorgenson
|
0-0: SINGLE (Groundball, 56D, EV 105.0 MPH)
|
Batting: LHB Claudio Ramírez
|
0-0: Foul Ball, location: 2F 0-1: Ball 1-1: Foul Ball, location: 2F 1-2: Ball 2-2: Ball 3-2: Base on Balls Jorgen Jorgenson to second
|
Batting: RHB Shou-xin Quian
|
0-0: Swinging Strike 0-1: Ball 1-1: SINGLE (Groundball, 6D, EV 106.2 MPH) Jorgen Jorgenson to third Claudio Ramírez to second Runner from 3rd tries for Home, SAFE, throw by CF to home
|
Batting: SHB Noel Lancaster
|
0-0: Called Strike 0-1: SINGLE (Groundball, 56D, EV 101.9 MPH) Claudio Ramírez to third Shou-xin Quian to second
|
Batting: RHB Makalani Kaiya
|
0-0: DOUBLE (Line Drive, 8LD, EV 93.8 MPH) Claudio Ramírez scores Shou-xin Quian scores Noel Lancaster to third
|
Batting: RHB Guillermo Alessandrini
|
0-0: Ball 1-0: Swinging Strike 1-1: Foul Ball, location: 2F 1-2: Ball Wild Pitch! Noel Lancaster scores Makalani Kaiya to third 2-2: Ball 3-2: Strikes out swinging
|
Batting: LHB César Valtez
|
0-0: Ball 1-0: Ball 2-0: Ball 3-0: Called Strike 3-1: Base on Balls
|
Batting: LHB Juan Romero
|
0-0: Called Strike César Valtez steals 2nd base 0-1: Ball 1-1: Ground out 4-3 (Groundball, 4, EV 87.5 MPH) Makalani Kaiya scores César Valtez to third
|
Batting: RHB Marcos Quintana
|
0-0: Ball 1-0: Called Strike 1-1: Foul Ball, location: 2F 1-2: Ground out 6-3 (Groundball, 6D, EV 103.8 MPH)
|
Bottom of the 2nd over - 5 runs, 4 hits, 0 errors, 1 left on base; Idaho Falls 0 - Athletic Club KC 5 |
TOP OF THE 3RD |
Idaho Falls Chukars batting - Pitching for Athletic Club KC U-24 : RHP Darko Trstenjak
|
Batting: RHB Javier Botín
|
0-0: Fly out, F8 (Flyball, 8RM, EV 89.4 MPH)
|
Batting: LHB Josh Wiggins
|
0-0: Ball 1-0: Swinging Strike 1-1: Ball 2-1: Ball 3-1: Swinging Strike 3-2: Base on Balls
|
Batting: RHB César Vélez
|
0-0: Called Strike 0-1: SINGLE (Groundball, 6, EV 98.8 MPH) (infield hit) Josh Wiggins to second
|
Batting: SHB Koryusai Ohayashi
|
0-0: Foul Ball, location: 2F 0-1: Foul Ball, location: 2F 0-2: Foul Ball, location: 2F 0-2: Strikes out swinging
|
Batting: RHB Vinnie Nuyten
|
0-0: Called Strike 0-1: 3-RUN HOME RUN (Flyball, 7D, EV 86.9 MPH), Distance : 409 ft
|
Batting: LHB Elisheba Petershwim
|
0-0: TRIPLE (Line Drive, 9D, EV 98.1 MPH)
|
Pitching: RHP Todd Garrett
|
|
Batting: RHB Kel Warren
|
0-0: Ball 1-0: Swinging Strike 1-1: Ball 2-1: SINGLE (Line Drive, 4MD, EV 102.5 MPH) Elisheba Petershwim scores
|
Batting: LHB Doyle Berkey
|
0-0: Ball 1-0: Foul Ball, location: 2F 1-1: Ball 2-1: Ball 3-1: Base on Balls Kel Warren to second
|
Batting: RHB Jon Walker
|
0-0: Swinging Strike 0-1: Ball 1-1: Swinging Strike 1-2: Foul Ball, location: 2F 1-2: Strikes out swinging
|
Top of the 3rd over - 4 runs, 4 hits, 0 errors, 2 left on base; Idaho Falls 4 - Athletic Club KC 5 |
BOTTOM OF THE 3RD |
Athletic Club KC U-24 batting - Pitching for Idaho Falls Chukars : RHP Nicolaas Eland
|
Batting: RHB Jorgen Jorgenson
|
0-0: Ball 1-0: Foul Ball, location: 2F 1-1: Swinging Strike 1-2: Strikes out swinging
|
Batting: LHB Claudio Ramírez
|
0-0: Ball 1-0: Called Strike 1-1: Called Strike 1-2: Foul Ball, location: 2F 1-2: Strikes out looking
|
Batting: RHB Shou-xin Quian
|
0-0: Fly out, F8 (Flyball, 8RM, EV 86.9 MPH)
|
Bottom of the 3rd over - 0 runs, 0 hits, 0 errors, 0 left on base; Idaho Falls 4 - Athletic Club KC 5 |
TOP OF THE 4TH |
Idaho Falls Chukars batting - Pitching for Athletic Club KC U-24 : RHP Todd Garrett
|
Batting: RHB Javier Botín
|
0-0: Fly out, F8 (Flyball, 8LD, EV 78.8 MPH)
|
Batting: LHB Josh Wiggins
|
0-0: Ball 1-0: Ball 2-0: Ball 3-0: Base on Balls
|
Batting: RHB César Vélez
|
0-0: Called Strike 0-1: Ball 1-1: Ball 2-1: Ball 3-1: Foul Ball, location: 2F 3-2: Grounds into double play, 6-4-3 (Groundball, 6, EV 93.1 MPH)
|
Top of the 4th over - 0 runs, 0 hits, 0 errors, 0 left on base; Idaho Falls 4 - Athletic Club KC 5 |
BOTTOM OF THE 4TH |
Athletic Club KC U-24 batting - Pitching for Idaho Falls Chukars : RHP Nicolaas Eland
|
Batting: SHB Noel Lancaster
|
0-0: Ground out U3 (Groundball, 3, EV 88.8 MPH)
|
Batting: RHB Makalani Kaiya
|
0-0: Called Strike 0-1: Ball 1-1: Foul Ball, location: 2F 1-2: Ball 2-2: Foul Ball, location: 2F 2-2: Foul Ball, location: 2F 2-2: Fly out, F7 (Flyball, 78M, EV 95.6 MPH)
|
Batting: RHB Guillermo Alessandrini
|
0-0: SINGLE (Line Drive, 5D, EV 106.2 MPH)
|
Pitching: RHP Felix Klapwijk
|
|
Batting: LHB César Valtez
|
0-0: Called Strike 0-1: Ball 1-1: Ball 2-1: Ball 3-1: Swinging Strike 3-2: Strikes out swinging
|
Bottom of the 4th over - 0 runs, 1 hit, 0 errors, 1 left on base; Idaho Falls 4 - Athletic Club KC 5 |
TOP OF THE 5TH |
Idaho Falls Chukars batting - Pitching for Athletic Club KC U-24 : RHP Todd Garrett
|
Batting: SHB Koryusai Ohayashi
|
0-0: Called Strike 0-1: Swinging Strike 0-2: Ball 1-2: Fly out, F7 (Flyball, 7LSF, EV 76.9 MPH)
|
Batting: RHB Vinnie Nuyten
|
0-0: Called Strike 0-1: Fly out, F9 (Flyball, 9S, EV 90.0 MPH)
|
Batting: LHB Elisheba Petershwim
|
0-0: Ball 1-0: Foul Ball, location: 2F 1-1: Foul Ball, location: 2F 1-2: Ball 2-2: Strikes out looking
|
Top of the 5th over - 0 runs, 0 hits, 0 errors, 0 left on base; Idaho Falls 4 - Athletic Club KC 5 |
BOTTOM OF THE 5TH |
Athletic Club KC U-24 batting - Pitching for Idaho Falls Chukars : RHP Felix Klapwijk
|
Batting: LHB Juan Romero
|
0-0: Ball 1-0: Ball 2-0: Called Strike 2-1: Foul Ball, location: 2F 2-2: Strikes out swinging
|
Batting: RHB Marcos Quintana
|
0-0: Swinging Strike 0-1: SINGLE (Groundball, 4MD, EV 99.4 MPH)
|
Batting: RHB Jorgen Jorgenson
|
0-0: Called Strike 0-1: Foul Ball, location: 2F 0-2: Strikes out swinging
|
Batting: LHB Claudio Ramírez
|
0-0: Ball 1-0: Ball 2-0: Ball 3-0: Called Strike 3-1: Fly out, F9 (Line Drive, 9, EV 97.5 MPH)
|
Bottom of the 5th over - 0 runs, 1 hit, 0 errors, 1 left on base; Idaho Falls 4 - Athletic Club KC 5 |
TOP OF THE 6TH |
Idaho Falls Chukars batting - Pitching for Athletic Club KC U-24 : RHP Todd Garrett
|
Batting: RHB Kel Warren
|
0-0: SINGLE (Line Drive, 9S, EV 106.2 MPH)
|
Pitching: LHP Les Hannaford
|
|
Batting: LHB Doyle Berkey
|
0-0: Called Strike 0-1: Foul Ball, location: 2F 0-2: Ball 1-2: Ball 2-2: Strikes out swinging
|
Batting: RHB Jon Walker
|
0-0: Called Strike 0-1: Fly out, F8 (Line Drive, 8RD, EV 95.6 MPH)
|
Batting: RHB Javier Botín
|
0-0: Ball 1-0: Called Strike 1-1: Called Strike 1-2: Foul Ball, location: 2F 1-2: Fly out, F8 (Flyball, 8RM, EV 80.6 MPH)
|
Top of the 6th over - 0 runs, 1 hit, 0 errors, 1 left on base; Idaho Falls 4 - Athletic Club KC 5 |
BOTTOM OF THE 6TH |
Athletic Club KC U-24 batting - Pitching for Idaho Falls Chukars : RHP Felix Klapwijk
|
Batting: RHB Shou-xin Quian
|
0-0: Foul Ball, location: 2F 0-1: Foul Ball, location: 2F 0-2: Ball 1-2: Fly out, F4 (Popup, 4M, EV 71.2 MPH)
|
Batting: SHB Noel Lancaster
|
0-0: Fly out, F9 (Flyball, 9LS, EV 91.2 MPH)
|
Batting: RHB Makalani Kaiya
|
0-0: Ball 1-0: Swinging Strike 1-1: Ball 2-1: Ball 3-1: Called Strike 3-2: Base on Balls
|
Batting: RHB Guillermo Alessandrini
|
0-0: Foul Ball, location: 2F 0-1: Ball 1-1: Called Strike 1-2: Foul Ball, location: 2F 1-2: Strikes out swinging
|
Bottom of the 6th over - 0 runs, 0 hits, 0 errors, 1 left on base; Idaho Falls 4 - Athletic Club KC 5 |
TOP OF THE 7TH |
Idaho Falls Chukars batting - Pitching for Athletic Club KC U-24 : LHP Les Hannaford
|
Batting: LHB Josh Wiggins
|
0-0: Foul Ball, location: 2F 0-1: Called Strike 0-2: Strikes out looking
|
Batting: RHB César Vélez
|
0-0: Ball 1-0: Fly out, F7 (Flyball, 7, EV 83.8 MPH)
|
Batting: SHB Koryusai Ohayashi
|
0-0: Ball 1-0: Ground out 6-3 (Groundball, 6, EV 102.5 MPH)
|
Top of the 7th over - 0 runs, 0 hits, 0 errors, 0 left on base; Idaho Falls 4 - Athletic Club KC 5 |
BOTTOM OF THE 7TH |
Athletic Club KC U-24 batting - Pitching for Idaho Falls Chukars : RHP Felix Klapwijk
|
Batting: LHB César Valtez
|
0-0: Called Strike 0-1: Ground out U3 (Groundball, 3S, EV 85.0 MPH)
|
Batting: LHB Juan Romero
|
0-0: Hit by Pitch
|
Batting: RHB Marcos Quintana
|
0-0: Ball 1-0: Foul Ball, location: 2F 1-1: Called Strike 1-2: Foul Ball, location: 2F 1-2: Foul Ball, location: 2F 1-2: Fielders Choice at 2nd, 1-4 (Groundball, P, EV 70.0 MPH)
|
Batting: RHB Jorgen Jorgenson
|
0-0: Called Strike 0-1: Swinging Strike 0-2: Strikes out looking
|
Bottom of the 7th over - 0 runs, 0 hits, 0 errors, 1 left on base; Idaho Falls 4 - Athletic Club KC 5 |
TOP OF THE 8TH |
Idaho Falls Chukars batting - Pitching for Athletic Club KC U-24 : LHP Les Hannaford
|
Now at 2B: Kane Calvert
|
|
Batting: RHB Vinnie Nuyten
|
0-0: Fly out, F7 (Flyball, 78XD, EV 103.8 MPH)
|
Batting: LHB Elisheba Petershwim
|
0-0: Swinging Strike 0-1: Ground out 4-3 (Groundball, 34S, EV 85.0 MPH)
|
Batting: RHB Kel Warren
|
0-0: Ball 1-0: Foul Ball, location: 2F 1-1: Called Strike 1-2: Ball 2-2: Ball 3-2: Fly out, F7 (Line Drive, 7, EV 97.5 MPH)
|
Top of the 8th over - 0 runs, 0 hits, 0 errors, 0 left on base; Idaho Falls 4 - Athletic Club KC 5 |
BOTTOM OF THE 8TH |
Athletic Club KC U-24 batting - Pitching for Idaho Falls Chukars : RHP Felix Klapwijk
|
Batting: LHB Claudio Ramírez
|
0-0: Ball 1-0: Ball 2-0: Ball 3-0: Base on Balls
|
Pitching: RHP Masao Myoga
|
|
Batting: RHB Shou-xin Quian
|
0-0: Called Strike 0-1: Ball 1-1: Foul Ball, location: 2F 1-2: Foul Ball, location: 2F 1-2: Ball 2-2: Fielders Choice at 2nd, 4-6 (Groundball, 4MD, EV 103.1 MPH)
|
Batting: SHB Noel Lancaster
|
0-0: Ball 1-0: Foul Ball, location: 2F 1-1: Ball 2-1: Fly out, F9 (Line Drive, 9, EV 98.1 MPH)
|
Batting: RHB Makalani Kaiya
|
0-0: Ball 1-0: Fielders Choice at 2nd, 6-4 (Groundball, 6, EV 93.1 MPH)
|
Bottom of the 8th over - 0 runs, 0 hits, 0 errors, 1 left on base; Idaho Falls 4 - Athletic Club KC 5 |
TOP OF THE 9TH |
Idaho Falls Chukars batting - Pitching for Athletic Club KC U-24 : LHP Les Hannaford
|
Pitching: RHP Ray McKendrick
|
|
Pinch Hitting: LHB Emosi Whiu
|
0-0: Called Strike 0-1: Ball 1-1: Fly out, F6 (Flyball, 5D, EV 97.5 MPH)
|
Pinch Hitting: SHB Joe Middleton
|
0-0: Called Strike 0-1: Called Strike 0-2: Fly out, F8 (Flyball, 8RXD, EV 92.5 MPH)
|
Pinch Hitting: RHB Jon Hill
|
0-0: Foul Ball, location: 2F 0-1: Called Strike 0-2: Ball 1-2: Strikes out swinging
|
Top of the 9th over - 0 runs, 0 hits, 0 errors, 0 left on base; Idaho Falls 4 - Athletic Club KC 5 |
|